cohdb
Replays
Latest Replays
All Replays
Popular Replays
Top Player Replays
Match Explorer
How It Works
Community
CoH3 Stats
Reddit
Sign in to upload your games and track your stats! →
Sign in with Steam
Match 38846932
Unlisted
Match 38846932
Overview
Messages
Build Orders
End
Construct Infanterie Kompanie
Kettenkrad Recon Vehicle
Selects Mechanized Battlegroup
MG 42 Machine Gun Team
GrW 34 Mortar Team
MG 42 Machine Gun Team
Pioneer Squad
Selects Spotting Scopes
Medical Station
MG 42 Machine Gun Team
Construct Luftwaffe Kompanie
Jäger Squad
Jäger Squad
Luftwaffe Officer Quarters
Support Elements
Jäger Squad
Selects Wespe Self-propelled Artillery
Wespe Self-propelled Artillery
Wespe Self-propelled Artillery
Jäger Squad
Selects Raid Package
MG 42 Bunker
MG 42 Bunker
Selects 8 Rad Armored Car
8 Rad Armored Car
Marder III M Tank Destroyer
Marder III M Tank Destroyer
Selects Zeroing Artillery Barrage
MG 42 Machine Gun Team
Atomic Floyd
deadsadbadmad
Alessandro-9891
The King
Pappa John
Thomace
0
0
Comments
sign in to comment!
No comments posted yet!